 Dungeon Crawl Stone Soup version 0.31.0-10-gcf4a605ca0 (webtiles) character file.

Game seed: 11643433246433935857

1271 Gadfly the Ruffian (level 8, 0/66 HPs)
             Began as a Green Draconian Shapeshifter on Jan 26, 2024.
             Was an Initiate of Ru.
             Killed by nerve-wracking pain
             ... invoked by Menkaure
              (14 damage)
             ... on level 5 of the Dungeon.
             The game lasted 00:11:50 (5738 turns).

Gadfly the Ruffian (Green Draconian Shapeshifter)   Turns: 5738, Time: 00:11:51

Health: 0/66       AC:  6    Str: 16    XL:     8   Next: 28%
Magic:  8/8        EV: 13    Int: 12    God:    Ru [......]
Gold:   351        SH:  0    Dex: 12    Spells: 4/7 levels left

rFire   . .          .
                       - Unarmed
rCold   + . .        (no shield)
rNeg    . . .        (body armour unavailable)
rPois   +            (helmet currently unavailable)
rElec   .            (cloak currently unavailable)
rCorr   .            w - melded +0 pair of gloves
SInv    +            (boots currently unavailable)
Will    .....        (no amulet)
Stlth   +            f - ring of protection from cold
HPRegen 0.31/turn    r - ring of see invisible
MPRegen 0.11/turn

%: clarity
@: beast-form
A: beast (slay +2), breathe noxious fumes, AC +6, unfitting armour, poison
resistance, cold-blooded, clarity
a: Breathe Noxious Fumes, Begin Untransformation, Renounce Religion


You were on level 5 of the Dungeon.
You worshipped Ru.
Ru was noncommittal.
You were a hulking beast.
You visited 2 branches of the dungeon, and saw 6 of its levels.
You also visited: Sewer.

You collected 351 gold pieces.

Inventory:

Hand Weapons
 b - a +5 dagger of venom
 m - a +2 short sword of draining
Missiles
 s - a throwing net
Armour
 w - a +0 pair of gloves (melded)
Jewellery
 f - a ring of protection from cold (left hand)
 r - a ring of see invisible (right hand)
 x - a ring of flight
Talismans
 c - a flux talisman
 d - a beast talisman (active)
Wands
 h - a wand of polymorph (3)
Scrolls
 l - a scroll of poison
 u - a scroll of teleportation
 v - a scroll of enchant weapon
Potions
 a - a potion of lignification
 e - 3 potions of curing
 g - 3 potions of heal wounds
 i - a potion of resistance
 j - a potion of attraction {unknown}
 k - a potion of haste {unknown}
 n - a potion of magic
 o - a potion of mutation
 p - 2 potions of cancellation {unknown}
 q - a potion of might {unknown}
 t - a potion of ambrosia


   Skills:
 + Level 3.7 Fighting
 * Level 4.5 Dodging
 * Level 5.5 Unarmed Combat
 * Level 4.5 Evocations
 * Level 5.1 Shapeshifting


You had 4 spell levels left.
You knew the following spells:

 Your Spells              Type           Power      Damage    Failure   Level
a - Swiftness             Air            0%         N/A       69%         3

Your spell library contained the following spells:

 Spells                   Type           Power      Damage    Failure   Level
 Freeze                   Ice            0%         1d3       32%         1
 Shock                    Conj/Air       0%         1d3       32%         1
 Frozen Ramparts          Ice            0%         1d1       69%         3
 Hailstorm                Conj/Ice       0%         3d5       69%         3
 Volatile Blastmotes      Fire/Tloc      0%         2d10      69%         3
 Airstrike                Air            0%         2d(0-16)  97%         4
 Fulminant Prism          Conj/Alch      0%         3d5       97%         4
 Iskenderun's Mystic Bla  Conj/Tloc      0%         2d3       97%         4


Dungeon Overview and Level Annotations

Branches:
Dungeon (5/15)             Temple (1/1) D:5           Sewer (visited)

Altars:
Ashenzari
Cheibriados
Dithmenos
Elyvilon
Gozag
Kikubaaqudgha
Makhleb
Nemelex Xobeh
Okawaru
Qazlal
Ru
Sif Muna
Trog
Uskayaw
Vehumet
Wu Jian
Xom
Zin

Shops:
D:4 *

Annotations:
D:5 1 runed translucent door, Crazy Yiuf, Menkaure


Innate Abilities, Weirdness & Mutations

You are a hulking beast.
Your limbs bulge with bestial killing power. (Slay +2)
You can breathe blasts of noxious fumes.
Your lurid green scales are hard. (AC +6)
You cannot fit into any form of body armour.
Your system is resistant to poisons. (rPois)
You are cold-blooded and may be slowed by cold attacks.
You possess an exceptional clarity of mind.


Message History

Found a stone staircase leading down.
You open the door.
Menkaure, Prince of Dust comes into view.
Found a scale mail.
Found an ancient bone altar of Kikubaaqudgha.
Menkaure shouts!
Menkaure gestures wildly while chanting.
Menkaure seems to speed up.
Menkaure is nearby!
Menkaure is nearby!
Your +5 dagger of venom stops dripping with poison.
You are now empty-handed.
Found a hide-covered altar of Uskayaw.
Menkaure hums in an indecipherable tongue.
Menkaure calls on the powers of darkness!
Your body is wracked with pain!
There is an open door here.
Menkaure misses you.
You punch Menkaure! You punch Menkaure.
Menkaure is heavily damaged.
Menkaure hits you!!
* * * LOW HITPOINT WARNING * * *
You are too injured to fight recklessly!
You are too injured to fight recklessly!
You are too injured to fight recklessly!
You are too injured to fight recklessly!
You are too injured to fight recklessly!
You are too injured to fight recklessly!
You are too injured to fight recklessly!
You are too injured to fight recklessly!
You are too injured to fight recklessly!
You are too injured to fight recklessly!
You barely miss Menkaure. You tail-slap Menkaure.
Menkaure is severely damaged.
Menkaure barely misses you.
You punch Menkaure!
Menkaure is almost destroyed.
Menkaure points at you and mumbles some strange words.
Pain shoots through your body!
You die...

#. ####...###.# ##
#.########.....[.##
#.....[......###..##
#...<.[####### ##..#
### #.###### ##.##
#.. # #..###.. ####
##..#... ####'.#
##..... #.Mh#.#
##.... #._.#.##
#.... #[..#..#
##.... #≈≈≈#..##
#..... #...#...#
#..... #._.#...#
##..... #...#...#
#..#... +####...#
##..#... #....###
#..###..


You could see Menkaure (fast).

Vanquished Creatures
  Grinder (D:3)
  Sigmund (D:2)
  An orc warrior (D:5)
  2 ogres (D:4)
  A kobold brigand (Sewer)
  A hound (D:5)
  3 orc priests
  An iguana (D:4)
  An orc wizard (D:5)
  Natasha (thrice) (D:2)
  7 adders
  3 gnolls
  7 river rats (Sewer)
  A shadow imp (D:5)
  3 ribbon worms (D:3)
  3 dart slugs
  19 orcs
  5 bats
  7 endoplasms
  4 giant cockroaches
  9 goblins
  9 hobgoblins
  4 jackals (D:1)
  29 kobolds
  8 quokkas
  16 ball pythons
  7 frilled lizards
  25 rats
181 creatures vanquished.

Notes
Turn   | Place    | Note
-------+----------+-------------------------------------------
     0 | D:1      | Gadfly the Draconian Shapeshifter began the quest for the
                  | Orb.
     0 | D:1      | Reached XP level 1. HP: 16/16 MP: 1/1
   131 | D:1      | Reached XP level 2. HP: 12/23 MP: 2/2
   440 | D:1      | Reached skill level 1 in Evocations
   445 | D:1      | Reached XP level 3. HP: 23/28 MP: 3/3
  1006 | D:2      | Noticed Natasha
  1015 | D:2      | Killed Natasha
  1016 | D:2      | Reached XP level 4. HP: 22/36 MP: 4/4
  1055 | D:2      | Noticed Natasha
  1062 | D:2      | Killed Natasha
  1090 | D:2      | Noticed Natasha
  1098 | D:2      | Killed Natasha
  1140 | D:2      | Noticed Sigmund
  1155 | D:2      | Killed Sigmund
  1156 | D:2      | Reached XP level 5. HP: 28/42 MP: 5/5
  1156 | D:2      | Reached XP level 6. HP: 32/49 MP: 6/6
  1654 | D:3      | Found a faded altar of an unknown god.
  1725 | D:3      | Found a glowing drain.
  1808 | Sewer    | Entered a sewer
  2856 | D:3      | Your scales start taking on a lurid green colour.
  2856 | D:3      | Reached XP level 7. HP: 54/56 MP: 7/7
  2856 | D:3      | Gained mutation: Your system is resistant to poisons.
                  | (rPois) [Green Draconian growth]
  2972 | D:3      | Noticed Grinder
  2984 | D:3      | Killed Grinder
  3296 | D:4      | Reached skill level 5 in Unarmed Combat
  3371 | D:4      | Found Sousyosch's Overcharged Wands.
  3811 | D:4      | Learned a level 3 spell: Swiftness
  4175 | D:4      | Gained mutation: You possess an exceptional clarity of
                  | mind. [potion of mutation]
  4185 | D:5      | Entered Level 5 of the Dungeon
  4313 | D:5      | Reached XP level 8. HP: 36/63 MP: 8/8
  4823 | D:5      | Identified the +0 robe "Cataqeosuo" {^Contam rN+++ Will+
                  | Int+3}
  5101 | D:5      | Reached skill level 5 in Shapeshifting
  5466 | D:5      | Found a staircase to the Ecumenical Temple.
  5479 | Temple   | Entered the Ecumenical Temple
  5489 | Temple   | Became a worshipper of Ru the Awakened
  5614 | D:5      | Found a runed translucent door.
  5615 | D:5      | Noticed Crazy Yiuf
  5732 | D:5      | Found an ancient bone altar of Kikubaaqudgha.
  5732 | D:5      | Noticed Menkaure
  5734 | D:5      | Found a hide-covered altar of Uskayaw.
  5738 | D:5      | Killed from afar by Menkaure

Illustrated notes

Levels and vault maps discovered:
D:1:      dpeg_arrival_stonehenge_8_columns, layout_loops_ring,
          minmay_heptomino_w4
D:2:      layout_rooms, uniq_natasha, uniq_sigmund
D:3:      layout_rooms, hellmonk_ecumenical_altar_lost_god,
          portal_sewer_entry_b, chequers_serial_rivers_micro_d, uniq_grinder
D:4:      layout_loops_cross, minmay_misc_feat_chi,
          nicolae_shop_overcharged_wands
D:5:      layout_cave_pods, mainiacjoe_overflow_divided_tiny,
          minmay_temple_entry_proselytizer, ebering_dispersal_statue_hall,
          nicolae_figureground_pulse, uniq_menkaure, uniq_crazy_yiuf_cottage
Temple:   nicolae_temple_slightly_damp_pantheon

Skill      XL: |  1  2  3  4  5  6  7  8 |
---------------+-------------------------+-----
Dodging        | 2 3 4 |  4.5
Evocations     | 1 2 3 4 |  4.5
Fighting       | 2 3 |  3.7
Unarmed Combat | 4 5 |  5.5
Shapeshifting  | 4 5 |  5.1

Action                     |  1- 3 |  4- 6 |  7- 9 || total
---------------------------+-------+-------+-------++-------
  Melee: Dagger            |   103 |    33 |   153 ||   289
         Unarmed           |     5 |   172 |     3 ||   180
         Tailslap          |     4 |    25 |    17 ||    46
         Punch             |     3 |     4 |     7 ||    14
         Halberd           |       |     7 |       ||     7
Ability: Breathe Noxious F |       |       |     2 ||     2
         Begin Untransform |       |       |     2 ||     2
    Use: Scroll            |     3 |     4 |     6 ||    13
         Potion            |       |     3 |     2 ||     5
   Stab: Sleeping          |     1 |     1 |       ||     2
         Confused          |       |       |     1 ||     1
 Armour: Skin              |    64 |   146 |   102 ||   312
  Dodge: Dodged            |    73 |   156 |   129 ||   358
   Form: Beast             |       |       |     2 ||     2
         Flux              |       |       |     1 ||     1
